 Dungeon Crawl Stone Soup version 0.30-a0-728-gc68057be0a (webtiles) character file.

Game seed: 12103352200332512417

3005 bpung the Covered (level 9, -10/59 HPs)
             Began as a Gargoyle Fighter on Jan 31, 2023.
             Was a Follower of Makhleb.
             Blown up by a kobold brigand (13 damage)
             ... with a mindburst bolt
             ... on level 7 of the Dungeon.
             The game lasted 00:14:09 (6590 turns).

bpung the Covered (Gargoyle Fighter)                Turns: 6590, Time: 00:14:09

Health: -10/59     AC: 18    Str: 24    XL:     9   Next: 84%
Magic:  11/11      EV:  9    Int: 12    God:    Makhleb [*.....]
Gold:   370        SH:  5    Dex:  8    Spells: 8/8 levels left

rFire   + . .      SeeInvis .    a - +3 flail (spect)
rCold   . . .      Faith    .    c - +0 buckler
rNeg    + . .      Spirit   .    b - +0 scale mail
rPois   ∞          Reflect  .    m - +0 helmet
rElec   +          Harm     .    f - +0 cloak
rCorr   .          Rampage  .    (no gloves)
Will    .....                    k - +0 pair of boots Stlth
                                 (no amulet)
HPRegen 0.29/turn                v - ring of protection from fire
MPRegen 0.12/turn                (no ring)

@: no status effects
A: sickness immunity, AC +6, negative energy resistance 1, electricity
resistance, torment resistance 1, petrification resistance, talons 1, clever 1
a: Renounce Religion


You were on level 7 of the Dungeon.
You worshipped Makhleb.
Makhleb was aware of your devotion.
You visited 2 branches of the dungeon, and saw 8 of its levels.
You also visited: Sewer.

You collected 370 gold pieces.

Inventory:

Hand Weapons
 a - a +3 spectral flail (weapon)
Missiles
 q - 53 poisoned darts (quivered)
 t - a throwing net
Armour
 b - a +0 scale mail (worn)
 c - a +0 buckler (worn)
 f - a +0 cloak (worn)
 k - a +0 pair of boots (worn)
 m - a +0 helmet (worn)
Jewellery
 v - a ring of protection from fire (left hand)
Wands
 h - a wand of polymorph (12)
 i - a wand of flame (12)
 r - a wand of iceblast (2)
Scrolls
 g - a scroll of teleportation
 o - a scroll of amnesia
 p - 8 scrolls of identify
 s - 2 scrolls of poison
Potions
 d - a potion of might
 e - a potion of degeneration {unknown}
 j - 2 potions of curing
 l - 2 potions of heal wounds
 n - 3 potions of cancellation {unknown}


   Skills:
 + Level 7.8 Fighting
 + Level 6.7 Maces & Flails
 + Level 7.8 Armour
 + Level 7.8 Shields
 + Level 3.6 Invocations


You had 8 spell levels left.
You didn't know any spells.
Your spell library was empty.

Dungeon Overview and Level Annotations

Branches:
Dungeon (7/15)             Temple (1/1) D:5           Sewer (visited)

Altars:
Ashenzari
Cheibriados
Dithmenos
Elyvilon
Fedhas
Gozag
Hepliaklqana
Kikubaaqudgha
Makhleb
Ru
Sif Muna
Trog
Vehumet
Wu Jian
Xom
Zin
The Shining One

Annotations:
D:3 3 runed translucent doors, Zonian's ghost, amateur VSBr
D:7 Dittersdorf's ghost, novice GrFi; Prince Ribbit


Innate Abilities, Weirdness & Mutations

You are immune to sickness and miasma.
Your stone body is resilient. (AC +6)
You are immune to poison.
You resist negative energy. (rN+)
You are resistant to electric shocks. (rElec)
You are resistant to unholy torment.
You are immune to petrification.
You have sharp toenails.
Your mind is acute. (Int +4, Str/Dex -1)


Message History

The kobold brigand is almost dead.
The kobold brigand hits you but does no damage. x2
You closely miss the kobold brigand.
The kobold brigand is almost dead.
You block the kobold brigand's attack.
You hit the kobold brigand.
The kobold brigand is almost dead.
The kobold brigand hits you but does no damage.
You hit the kobold brigand.
You kill the kobold brigand!
Makhleb accepts your kill.
You closely miss the kobold brigand.
The kobold brigand hits you but does no damage.
You hit the kobold brigand but do no damage.
The kobold brigand hits you but does no damage.
Space warps horribly around you!
* * * LOW HITPOINT WARNING * * *
You barely miss the kobold brigand. The kobold brigand barely misses you.
You sock the kobold brigand!
The kobold brigand is heavily wounded.
The kobold brigand hits you but does no damage.
You blink.
You sock the kobold brigand!
The kobold brigand is heavily wounded.
Your +3 spectral flail closely misses the kobold brigand.
The kobold brigand barely misses you. You block the kobold brigand's attack.
The kobold brigand barely misses you.
The kobold brigand hits you but does no damage. x3
The kobold brigand barely misses your +3 spectral flail.
The kobold brigand barely misses you.
The kobold brigand hits you but does no damage.
The kobold brigand hits you with a +0 dagger!
* * * LOW HITPOINT WARNING * * *
The kobold brigand hits you but does no damage.
You sock the kobold brigand!
You kill the kobold brigand!
Makhleb accepts your kill.
The kobold brigand hits you but does no damage.
The kobold brigand zaps a wand.
Your mind is blasted!
You die...

#......W..######
#..........#...#
#......K...#.#
######K§####.# #..# #)#
###..####K# .
#......##K#### ...
####......K#KW..#.....
...........K@.K........
#####.......K§.........
#..................
#..............####
####..........##
##...##...## ##########


You could see 7 kobold brigands and Dittersdorf's ghost.

Vanquished Creatures
  Grinder (D:5)
  A water moccasin (D:5)
  2 black bears (D:6)
  2 ogres
  2 ice beasts
  A centaur (D:5)
  A phantom (D:4)
  5 kobold brigands
  2 bullfrogs
  A necrophage (D:6)
  3 scorpions
  2 howler monkeys
  A gnoll bouda (D:5)
  7 jellies
  3 orc priests
  5 hounds
  Crazy Yiuf (D:3)
  Jessica (D:3)
  2 iguanas (D:5)
  5 orc wizards
  14 gnolls
  18 adders
  7 river rats
  A white imp (D:7)
  2 ufetubi (D:6)
  9 worms
  5 dart slugs
  27 orcs
  6 ball pythons
  9 endoplasms
  2 giant cockroaches
  8 goblins
  7 hobgoblins
  2 quokkas
  5 bats
  2 frilled lizards
  26 kobolds
  28 rats
226 creatures vanquished.

Vanquished Creatures (others)
  14 plants (D:5)
14 creatures vanquished.

Grand Total: 240 creatures vanquished

Notes
Turn   | Place    | Note
-------+----------+-------------------------------------------
     0 | D:1      | bpung the Gargoyle Fighter began the quest for the Orb.
     0 | D:1      | Reached XP level 1. HP: 14/14 MP: 1/1
    76 | D:1      | Reached XP level 2. HP: 10/19 MP: 2/2
   331 | D:1      | Reached XP level 3. HP: 23/23 MP: 3/3
   351 | D:1      | Found Nocweth's Jewellery Boutique.
   925 | D:2      | Reached XP level 4. HP: 29/29 MP: 4/4
  1277 | D:3      | Found an ancient bone altar of Kikubaaqudgha.
  1422 | D:3      | Reached XP level 5. HP: 13/33 MP: 5/5
  1504 | D:3      | Found a glowing drain.
  1511 | Sewer    | Entered a sewer
  1750 | Sewer    | Reached XP level 6. HP: 21/39 MP: 6/6
  1763 | Sewer    | Gained mutation: You have hidden genetic potential. [potion
                  | of mutation]
  2373 | D:3      | Noticed Zonian's ghost (amateur VSBr)
  2445 | D:3      | Found a runed translucent gate.
  2445 | D:3      | Found a runed translucent gate.
  2445 | D:3      | Found a runed translucent gate.
  2695 | D:3      | Found a runed translucent door.
  2696 | D:3      | Noticed Crazy Yiuf
  2709 | D:3      | Killed Crazy Yiuf
  3049 | D:3      | Noticed Jessica
  3060 | D:3      | Killed Jessica
  3061 | D:3      | Reached skill level 5 in Fighting
  3061 | D:3      | Reached skill level 5 in Armour
  3061 | D:3      | Reached skill level 5 in Shields
  3170 | D:4      | Reached XP level 7. HP: 39/44 MP: 7/7
  3189 | D:4      | Gained mutation: Your mind is acute. (Int +4, Str/Dex -1)
                  | [hidden potential]
  3896 | D:4      | Reached XP level 8. HP: 43/51 MP: 8/8
  4233 | D:5      | Entered Level 5 of the Dungeon
  4310 | D:5      | Gained mutation: You have sharp toenails. [hidden
                  | potential]
  4310 | D:5      | Lost mutation: You have hidden genetic potential. [hidden
                  | potential expressed]
  4330 | D:5      | Reached skill level 5 in Maces & Flails
  4772 | D:5      | Found a staircase to the Ecumenical Temple.
  4821 | Temple   | Entered the Ecumenical Temple
  4864 | Temple   | Became a worshipper of Makhleb the Destroyer
  5010 | D:5      | Found an opulent altar of Gozag.
  5012 | D:5      | Noticed Grinder
  5042 | D:5      | Killed Grinder
  5043 | D:5      | Reached skill level 1 in Invocations
  5043 | D:5      | Reached XP level 9. HP: 19/57 MP: 8/10
  5307 | D:5      | Found a large runed translucent door.
  5308 | D:5      | Found a large runed translucent door.
  5475 | D:5      | Found a shimmering blue altar of Sif Muna.
  5487 | D:5      | Found a shimmering altar of Xom.
  6421 | D:7      | Noticed Prince Ribbit
  6424 | D:7      | Found a shadowy altar of Dithmenos.
  6485 | D:7      | Reached * piety under Makhleb
  6515 | D:7      | Found a runed translucent gate.
  6515 | D:7      | Noticed Dittersdorf's ghost (novice GrFi)
  6516 | D:7      | Found a runed translucent gate.
  6517 | D:7      | Found a runed translucent gate.
  6590 | D:7      | Blown up by a kobold brigand

Illustrated notes

Levels and vault maps discovered:
D:1:      nzn_arrival_crosshair, layout_basic, serial_shops,
          nicolae_shop_statue_plus, minmay_splitting_lines
D:2:      layout_loops_ring
D:3:      layout_loops_ring, nicolae_kikubaaqudgha_miasma_corner,
          gammafunk_ghost_icy, lightli_sewer_entry_pipes,
          nicolae_figureground_sparkle, uniq_jessica, uniq_crazy_yiuf_cottage
D:4:      layout_loops_ring
D:5:      layout_loops_corners, lemuel_round_altar, jmf_multi_god_temple2,
          minmay_temple_entry_stoned_glass, serial_bayou_lake_a, uniq_grinder
D:6:      layout_cave_pods
D:7:      layout_rooms, mainiacjoe_overflow_alcove_4,
          mainiacjoe_overflow_tiny_flanked, enter_bailey_3,
          gammafunk_ghost_nasty_kobolds, uniq_prince_ribbit1
Temple:   minmay_temple_bridge_abc

Skill      XL: |  1  2  3  4  5  6  7  8  9 |
---------------+----------------------------+-----
Armour         | 4 5 6 7 |  7.8
Fighting       | 4 5 7 |  7.8
Shields        | 4 5 6 7 |  7.8
Maces & Flails | 3 4 5 6 |  6.7
Invocations    | 1 3 |  3.6

Action                     |  1- 3 |  4- 6 |  7- 9 || total
---------------------------+-------+-------+-------++-------
  Melee: Flail             |   102 |   370 |   417 ||   889
  Evoke: Wand              |       |       |     1 ||     1
    Use: Potion            |       |     6 |       ||     6
         Scroll            |       |     7 |     7 ||    14
 Armour: Scale mail        |    68 |   284 |   261 ||   613
  Dodge: Dodged            |    53 |   234 |   205 ||   492
  Block: Buckler           |    18 |    84 |   103 ||   205

Table legend: (Time is in decaauts)
 A = Elapsed time spent in this place.
 B = Non-inter-level travel time spent in this place.
 C = Inter-level travel time spent in this place.
 D = Time resting spent in this place.
 E = Time spent auto-exploring this place.
 F = Levels seen in this place.
 G = Mean time per level.
                   A        B        C        D        E       F      G
               +--------+--------+--------+--------+--------+-----+--------+
         Total |   6856 |   6653 |    203 |    400 |   4030 |   9 |  761.8 |
       Dungeon |   5908 |   5727 |    181 |    321 |   3581 |   7 |  844.0 |
        Temple |     65 |     43 |     22 |      0 |     20 |   1 |   65.0 |
         Sewer |    881 |    881 |      0 |     79 |    429 |   1 |  881.0 |
               +--------+--------+--------+--------+--------+-----+--------+

Top non-repeatable levels by time:
     D:5: 1280 daAuts
     D:3: 1172 daAuts
     D:4: 1119 daAuts
   Sewer: 881 daAuts
     D:6: 871 daAuts
     D:2: 694 daAuts
     D:1: 571 daAuts
     D:7: 199 daAuts
  Temple: 65 daAuts
